AoeStats
← Who am I

Black Forest

509548957Analyzed
4v4 RM · 7d ago on Sep 27, 2026· 42m 39s· 8 players
Game mode
Random Map
Map size
Large (8 player)
Population
200
Speed
Normal
Resources
Standard
Victory
Conquest
Starting age
Dark Age
Ending age
Imperial Age
RankedLock teamsTeams togetherTeam positionsShared explorationLock speedFull tech treeHidden civsTurbo modeCheats
Victory
Defeat
🇩🇪 Persians · Germany
1406
+14
🇩🇪 Ethiopians · Germany
1352
+17
🇩🇪 Saxons · Germany
1348
+17
🇺🇸 Saracens · United States
1338
+17
🇧🇷 Bohemians · Brazil
1388
-17
🇭🇰 Khmer · Hong Kong SAR China
1377
-17
🇻🇳 Magyars · Vietnam
1350
-16
🇭🇰 Danes · Hong Kong SAR China
1347
-15
虫
1:23 Loom
15:48 Feudal Age
19:22 Castle Age
17:29 Double-Bit Axe
18:01 Horse Collar
20:46 Bow Saw
20:37 Heavy Plow
23:52 Wheelbarrow
27:32 Gold Mining
27:33 Stone Mining
29:21 Gold Shaft Mining
29:23 Stone Shaft Mining
29:58 Hand Cart
34:27 Imperial Age
32:54 Husbandry
33:04 Bloodlines
34:03 Scale Barding Armor
34:08 Forging
35:19 Chain Barding Armor
35:37 Iron Casting
+Matt.Chak
12:31 Feudal Age
16:01 Castle Age
13:55 Double-Bit Axe
14:06 Horse Collar
18:24 Bow Saw
18:45 Heavy Plow
18:31 Fishing Lines
20:04 Gillnets
22:49 Caravan
24:25 Gold Mining
24:47 Stone Mining
25:54 Wheelbarrow
25:05 Loom
27:06 Gold Shaft Mining
29:51 Imperial Age
29:04 Squires
28:49 Arson
28:50 Gambesons
29:26 Scale Mail Armor
29:36 Forging
29:21 Fletching
29:47 Hand Cart
29:18 Town Watch
29:31 Murder Holes
30:10 Capped Ram
30:16 Elite Varangian Guard
31:28 Conscription
31:38 Pikeman
33:10 Chain Mail Armor
34:19 Iron Casting
33:12 Halberdier
33:57 Siege Ram
38:43 Plate Mail Armor
39:14 Blast Furnace
39:14 Stone Shaft Mining
38:07 Hamask
41:40 Blast Furnace
Ky
5:53 Loom
11:31 Feudal Age
14:14 Double-Bit Axe
19:34 Castle Age
19:06 Double-Bit Axe
23:40 Wheelbarrow
22:48 Horse Collar
24:37 Bow Saw
25:44 Gold Mining
25:45 Stone Mining
25:58 Heavy Plow
25:51 Fishing Lines
28:50 Gold Shaft Mining
29:26 Hand Cart
29:40 Gillnets
30:52 Scale Barding Armor
30:39 Fletching
30:50 Padded Archer Armor
30:29 Pikeman
30:55 Arson
31:11 Scale Mail Armor
31:17 Corvinian Army
34:42 Imperial Age
31:58 Town Watch
32:11 Bodkin Arrow
33:27 Thumb Ring
33:44 Husbandry
33:52 Treadmill Crane
34:33 Ballistics
34:35 Chain Mail Armor
35:24 Coinage
36:37 Two-Man Saw
36:20 Crop Rotation
35:54 Halberdier
36:15 Elite Magyar Huszar
37:16 Conscription
37:25 Chain Barding Armor
37:20 Leather Archer Armor
38:31 Chemistry
37:43 Masonry
37:30 Murder Holes
38:00 Bloodlines
37:26 Cavalier
39:10 Bracer
39:25 Leather Archer Armor
38:35 Elite Skirmisher
逆·风
0:35 Loom
10:34 Feudal Age
11:08 Double-Bit Axe
11:19 Fishing Lines
11:45 Horse Collar
13:44 Wheelbarrow
17:58 Town Watch
21:25 Castle Age
20:49 Fletching
21:00 Padded Archer Armor
22:06 Gillnets
22:47 Bow Saw
22:38 Heavy Plow
22:43 Elite Skirmisher
28:33 Chemistry
28:08 Bodkin Arrow
32:42 Imperial Age
31:11 Hand Cart
31:18 Ballistics
30:34 Pikeman
32:56 Fervor
34:28 Sanctity
35:50 Conscription
36:16 Halberdier
37:47 Scale Mail Armor
37:58 Forging
39:36 Squires
40:28 Arson
40:05 Houfnice
42:13 Chain Mail Armor
42:33 Iron Casting
Hamstring Cramp
0:39 Loom
12:04 Feudal Age
16:18 Castle Age
15:33 Double-Bit Axe
15:29 Horse Collar
18:47 Fletching
19:50 Bodkin Arrow
36:09 Fortified Wall
41:13 Light Cavalry
42:03 Bloodlines
41:53 Husbandry
42:57 Padded Archer Armor
45:33 Imperial Age
43:42 Wheelbarrow
Dragon
1:13 Loom
13:11 Feudal Age
19:18 Castle Age
17:41 Double-Bit Axe
19:33 Horse Collar
21:15 Bow Saw
23:07 Wheelbarrow
28:36 Heavy Plow
31:39 Imperial Age
30:36 Sanctity
30:51 Scale Mail Armor
32:14 Atonement
32:41 Redemption
33:13 Conscription
32:15 Clerical Recruitment
33:12 Caravan
33:52 Illumination
33:52 Squires
33:38 Arson
38:43 Bloodlines
38:33 Husbandry
37:54 Light Cavalry
39:25 Block Printing
40:58 Theocracy
40:25 Herbal Medicine
40:32 Devotion
Who am I
12:21 Feudal Age
14:10 Loom
14:49 Fishing Lines
17:29 Castle Age
17:13 Double-Bit Axe
18:51 Wheelbarrow
18:38 Bow Saw
20:51 Town Watch
23:44 Hand Cart
24:04 Gillnets
28:57 Imperial Age
27:37 Coinage
28:23 Ballistics
29:03 Fletching
29:14 Padded Archer Armor
30:41 Chemistry
29:49 Bodkin Arrow
30:27 Crossbowman
31:13 Thumb Ring
32:02 Bracer
32:18 Leather Archer Armor
33:33 Two-Man Saw
32:38 Gold Mining
33:53 Banking
33:53 Arbalester
36:33 Gold Shaft Mining
37:10 Ring Archer Armor
37:06 Conscription
36:57 Torsion Engines
37:36 Siege Engineers
37:35 Caravan
37:54 Stone Mining
PeterPan
10:14 Feudal Age
14:57 Castle Age
17:27 Double-Bit Axe
18:26 Horse Collar
20:48 Wheelbarrow
20:27 Loom
21:18 Heavy Plow
22:51 Hand Cart
22:55 Bow Saw
23:26 Stone Mining
24:42 Gold Mining
28:22 Imperial Age
28:07 Gold Shaft Mining
28:07 Stone Shaft Mining
27:55 Forging
27:50 Scale Barding Armor
29:20 Bloodlines
29:10 Husbandry
29:16 Elite War Elephant
30:59 Iron Casting
30:44 Chain Barding Armor
31:04 Iron Casting
32:15 Devotion
32:11 Light Cavalry
33:52 Blast Furnace
33:27 Plate Barding Armor
33:52 Blast Furnace
34:14 Chemistry
33:18 Hussar
34:41 Conscription
Connection lost

Rejoining the realm…

Still unreachable

The connection could not be restored.

Session expired

The server has moved on; the page needs a fresh start.